 Dungeon Crawl Stone Soup version bcrawl-1.28.1b (webtiles) character file.

Game seed: 13669853393087978301

270290 LostNumber the Cleaver (level 8, -2/71 HPs)
             Began as a Minotaur Berserker on Dec 6, 2020.
             Was an Elder of Trog.
             Slain by an orc wizard
             ... wielding a +0 dagger of electrocution
              (18 damage)
             ... on level 6 of the Dungeon.
             The game lasted 00:06:54 (4728 turns).

LostNumber the Cleaver (Minotaur Berserker)         Turns: 4728, Time: 00:06:55

Health: -2/71      AC: 10    Str: 31    XL:     8   Next: 51%
Magic:  7/7        EV: 11    Int:  4    God:    Trog [****..]
Gold:   300        SH:  0    Dex: 10    Spells: 7/7 levels left

rFire    . . .     SeeInvis .   r - +4 dire flail (crush)
rCold    . . .     Gourm    .   (shield currently unavailable)
rNeg     . . .     Faith    .   s - +0 chain mail
rPois    .         Spirit   .   (helmet restricted)
rElec    .         Reflect  .   (no cloak)
rCorr    .         Harm     .   (no gloves)
MR       .....                  (no boots)
Stlth    ..........             (no amulet)
HPRegen  0.21/turn              t - +7 ring of strength
MPRegen  0.10/turn              (no ring)

@: no status effects
A: retaliatory headbutt, horns 2
a: Berserk, Trog's Hand, Brothers in Arms, Renounce Religion


You were on level 6 of the Dungeon.
You worshipped Trog.
Trog was greatly pleased with you.
You were not hungry.

You visited 1 branch of the dungeon, and saw 6 of its levels.

You collected 300 gold pieces.

Inventory:

Hand Weapons
 a - a +0 hand axe
 m - a +0 war axe
   (You found it on level 3 of the Dungeon)
 r - a +4 dire flail of crushing (weapon)
   (You took it off Edmund on level 3 of the Dungeon)
Armour
 b - a +0 animal skin
 s - a +0 chain mail (worn)
   (You took it off Edmund on level 3 of the Dungeon)
Jewellery
 t - a +7 ring of strength (left hand)
   (You took it off a kobold on level 5 of the Dungeon)
Scrolls
 d - 3 scrolls of teleportation {unknown}
 f - 3 scrolls of immolation {unknown}
 g - a scroll of fear {unknown}
 h - 3 scrolls of remove curse {unknown}
 q - 3 scrolls of identify {@r1}
 u - a scroll of enchant weapon {unknown}
Potions
 c - 2 potions of haste {unknown}
 i - 2 potions of curing {unknown}
 j - a potion of ambrosia {unknown}
 k - 3 potions of flight {unknown}
 l - 2 potions of lignification {unknown}
 n - 2 potions of degeneration {unknown}
 o - a potion of heal wounds {@q2}
 p - a potion of agility
 w - a potion of invisibility {unknown}
Comestibles
 e - 9 rations {!d!d}
 v - 13 chunks of flesh


   Skills:
 + Level 6.7 Fighting
 * Level 8.8 Axes
 + Level 6.2 Armour
 + Level 5.6 Dodging


You had 7 spell levels left.
You didn't know any spells.
Your spell library was empty.

Dungeon Overview and Level Annotations

Branches:
Dungeon (6/12)             Temple (0/1) D:6

Altars:
Cheibriados
Makhleb
The Shining One

Shops:
D:4 (


Innate Abilities, Weirdness & Mutations

You reflexively headbutt those who attack you in melee.
You have a pair of horns on your head.


Message History

You closely miss the orc priest. The orc hits you but does no damage.
The bullfrog hits you but does no damage.
The orc priest mumbles some strange prayers to Beogh against you.
Pain shoots through your body!
The orc wizard gestures wildly while chanting.
The orc wizard blinks!
The orc hits you but does no damage.
You closely miss the orc priest. The bullfrog closely misses you.
You furiously retaliate!
You headbutt the bullfrog. The orc hits you but does no damage.
The bullfrog hits you.
You closely miss the orc priest. You headbutt the orc priest!
The orc hits you but does no damage.
The orc priest hits you but does no damage.
The bullfrog hits you. The orc barely misses you.
You closely miss the orc priest. You headbutt the orc priest.
You kill the orc priest!
Trog accepts your kill. The bullfrog hits you.
The orc hits you but does no damage. The orc closely misses you.
You furiously retaliate!
You headbutt the orc!
You kill the orc!
Trog accepts your kill. The orc barely misses you. The bullfrog hits you.
You hit the orc.
Snnnck.
You kill the orc!
Trog accepts your kill. The bullfrog hits you. The orc barely misses you.
You furiously retaliate!
You headbutt the orc, but do no damage. The orc wizard barely misses you.
You hit the bullfrog but do no damage.
Ssssck.
The bullfrog closely misses you. The bullfrog completely misses you.
You furiously retaliate!
You headbutt the bullfrog. The orc barely misses you.
The orc wizard closely misses you.
You barely miss the bullfrog. You headbutt the bullfrog.
The bullfrog closely misses you.
The orc wizard hits you but does no damage.
You are electrocuted!
* * * LOW HITPOINT WARNING * * *
The orc barely misses you. You furiously retaliate!
You headbutt the orc. The bullfrog hits you!
* * * LOW HITPOINT WARNING * * *
The bullfrog hits you but does no damage.
The orc wizard hits you but does no damage.
The orc hits you with a +0 hand axe.
* * * LOW HITPOINT WARNING * * *
The bullfrog barely misses you. You furiously retaliate!
You headbutt the bullfrog!
You kill the bullfrog!
Trog accepts your kill.
Unknown command.
The orc wizard hits you but does no damage.
You are electrocuted!!
You die...

.(.#?#.#...
#.#.#.#.#..
###..#.>.#^.#
...#.#.#.#.#
#.?#.#.#..#
#####.))#.#..%#
......)..?....#
.####oo†#######
##@## #.# #.#
#.# #.# #.# ^
#.# # .###.# #.
..##.#


You could see an orc wizard and an orc.

Vanquished Creatures
  Edmund (D:3)
  An orc warrior (D:6)
  An ogre (D:3)
  A centaur (D:5)
  A bullfrog (D:6)
  A big kobold (D:5)
  2 scorpions
  2 crimson imps
  A centaur zombie (D:5)
  A quasit (D:5)
  6 hounds
  2 orc priests
  A bullfrog skeleton (D:3)
  Natasha (thrice) (D:3)
  3 worker ants
  5 orc wizards
  A hound skeleton (D:6)
  5 adders
  A shadow imp (D:5)
  3 oozes
  3 worms
  2 dart slugs
  8 leopard geckos
  18 orcs
  5 bats
  2 giant cockroaches
  4 goblins
  5 hobgoblins
  9 jackals
  3 quokkas
  2 ball pythons (D:1)
  3 frilled lizards (D:1)
  14 kobolds
120 creatures vanquished.

Notes
Turn   | Place    | Note
-------+----------+-------------------------------------------
     0 | D:1      | LostNumber the Minotaur Berserker began the quest for the
                  | Orb.
     0 | D:1      | Reached XP level 1. HP: 19/19 MP: 0/0
   241 | D:1      | Reached XP level 2. HP: 26/27 MP: 1/1
   256 | D:1      | Reached skill level 4 in Axes
   804 | D:2      | Reached XP level 3. HP: 33/33 MP: 2/2
  1046 | D:2      | Reached ** piety under Trog
  1701 | D:3      | Reached XP level 4. HP: 26/40 MP: 3/3
  1802 | D:3      | Reached skill level 5 in Axes
  1986 | D:3      | Noticed an ogre
  2025 | D:4      | Reached XP level 5. HP: 16/47 MP: 4/4
  2176 | D:3      | Killed an ogre
  2177 | D:3      | Reached XP level 6. HP: 42/55 MP: 5/5
  2380 | D:3      | Reached skill level 6 in Axes
  2395 | D:3      | Noticed Natasha
  2401 | D:3      | Killed Natasha
  2402 | D:3      | Reached skill level 5 in Fighting
  2474 | D:3      | Noticed Natasha
  2480 | D:3      | Killed Natasha
  2632 | D:3      | Noticed Natasha
  2638 | D:3      | Killed Natasha
  2970 | D:4      | Noticed Edmund
  2978 | D:3      | Killed Edmund
  2979 | D:3      | Reached XP level 7. HP: 61/61 MP: 6/6
  3110 | D:4      | Found Piucuh's Weapon Boutique.
  3154 | D:4      | Reached *** piety under Trog
  3155 | D:4      | Reached skill level 7 in Axes
  3390 | D:4      | Found a burning altar of Makhleb.
  3394 | D:4      | Reached skill level 5 in Armour
  3414 | D:4      | Found a glowing golden altar of the Shining One.
  3482 | D:5      | Entered Level 5 of the Dungeon
  3803 | D:5      | Reached skill level 5 in Dodging
  3803 | D:5      | Reached XP level 8. HP: 53/70 MP: 7/7
  3878 | D:5      | Reached skill level 8 in Axes
  3950 | D:5      | Found a snail-covered altar of Cheibriados.
  4200 | D:5      | Reached **** piety under Trog
  4710 | D:6      | Found a staircase to the Ecumenical Temple.
  4728 | D:6      | Slain by an orc wizard

Skill      XL: |  1  2  3  4  5  6  7  8 |
---------------+-------------------------+-----
Axes           | 4 5 6 7 8 |  8.8
Fighting       | 4 5 6 |  6.7
Armour         | 3 4 5 6 |  6.2
Dodging        | 3 4 5 |  5.6

Action                   |  1- 3 |  4- 6 |  7- 9 || total
-------------------------+-------+-------+-------++-------
Melee: Hand axe          |    78 |     9 |       ||    87
       Headbutt          |    14 |    11 |    28 ||    53
       War axe           |       |    58 |       ||    58
       Dire flail        |       |       |   140 ||   140
Invok: Berserk           |       |     3 |     1 ||     4
 Stab: Sleeping          |     1 |       |       ||     1
  Eat: Chunk             |     4 |     8 |    11 ||    23
Armor: Animal skin       |    18 |     6 |       ||    24
       Chain mail        |       |       |    61 ||    61
Dodge: Dodged            |    49 |    48 |    86 ||   183
